 Dungeon Crawl Stone Soup version 0.28-a0-1493-g08698888e4 (webtiles) character file.

Game seed: 2178049097981459247

408 cheechan the Chopper (level 6, -1/84 HPs)
             Began as a Naga Chaos Knight on Jan 12, 2022.
             Was a Plaything of Xom.
             Slain by an orc warrior (13 damage)
             ... on level 4 of the Dungeon on Jan 13, 2022.
             The game lasted 00:12:16 (2193 turns).

cheechan the Chopper (Naga Chaos Knight)            Turns: 2193, Time: 00:12:19

Health: -1/84      AC: 23    Str: 15    XL:     6   Next: 88%
Magic:  3/9        EV:  1    Int: 12    God:    Xom [.*....]
Gold:   153        SH:  0    Dex: 12    Spells: 5/9 levels left

rFire   + . .      SeeInvis +   a - +0 hand axe (chaos)
rCold   + . .      Faith    .   (no shield)
rNeg    . . .      Spirit   .   (armour currently unavailable)
rPois   +          Reflect  .   (helmet currently unavailable)
rElec   +          Harm     .   (cloak currently unavailable)
rCorr   +          Rampage  .   (gloves currently unavailable)
Will    .....      NoTele   +   (no barding)
Stlth   ++........              (no amulet)
HPRegen 0.24/turn               (no ring)
MPRegen 0.11/turn               (no ring)

@: tree-form, resistant
A: stationary, stasis, torment immunity, boosted hp, AC +2, large, see
invisible, (deformed body), (poison resistance), (slowness 2), spit poison 1,
(naga tail 1)
a: Spit Poison, Renounce Religion


You were on level 4 of the Dungeon.
You worshipped Xom.
You were a plaything of Xom.
You were a tree.
You visited 1 branch of the dungeon, and saw 4 of its levels.

You collected 153 gold pieces.

Inventory:

Hand Weapons
 a - a +0 hand axe of chaos (weapon)
Missiles
 e - 69 stones
 g - 26 bolts
 j - 6 javelins
Armour
 b - a +2 leather armour
 i - a +2 robe of positive energy (melded)
 l - a +1 chain mail of fire resistance
Wands
 o - a wand of flame (14)
Potions
 c - a potion of invisibility
 h - a potion of haste
 k - a potion of berserk rage {unknown}
 m - a potion of curing {unknown}
 n - a potion of flight {unknown}


   Skills:
 + Level 3.6 Fighting
 + Level 5.0 Axes
 + Level 2.5 Armour
 + Level 1.9 Dodging
 + Level 1.3 Stealth
 + Level 2.2 Spellcasting
 + Level 2.0 Ice Magic


You had 5 spell levels left.
You knew the following spells:

 Your Spells              Type           Power      Damage    Failure   Level
a - Freeze                Ice            24%        1d5       12%         1
b - Frozen Ramparts       Ice            12%        1d3       34%         3

Your spell library contained the following spells:

 Spells                   Type           Power      Damage    Failure   Level
 Hailstorm                Conj/Ice       3%         3d3       87%         4


Dungeon Overview and Level Annotations

Branches:
Dungeon (4/15)
 Temple: D:4-7

Altars:
Trog


Innate Abilities, Weirdness & Mutations

You are a tree.
Your roots penetrate the ground, keeping you stationary.
You cannot be teleported.
You are immune to unholy pain and torment.
Your maximum health is greatly increased.
Your equipment is partially melded.
((Your serpentine skin is tough. (AC +2)))
You have supernaturally acute eyesight. (SInv)
((Armour fits poorly on your strangely shaped body.))
((Your system is resistant to poisons. (rPois)))
((You cover ground very slowly.))
You can spit poison.
((You have a snake-like lower body.))


Message History

Aim: an orc priest, wielding a +0 short sword (slow, 59% to hit)
The splash of poison hits the orc warrior but does no damage.
The orc warrior is poisoned.
Unknown command.
You closely miss the orc warrior.
The orc warrior is lightly wounded.
The orc warrior hits you with a +0 battleaxe!
* * * LOW HITPOINT WARNING * * *
The orc throws a boomerang.
The boomerang hits you but does no damage.
Unknown command.
You closely miss the orc priest.
You hit the orc warrior but do no damage.
The orc warrior looks even sicker.
The orc priest is no longer moving slowly.
The orc warrior hits you with a +0 battleaxe.
* * * LOW HITPOINT WARNING * * *
The orc priest calls upon Beogh to heal the orc warrior.
The orc warrior's wounds heal themselves!
You hit the orc priest.
The orc priest is moderately wounded.
You hit the orc warrior but do no damage.
You closely miss the orc.
You have got your breath back.
The orc warrior hits you but does no damage.
The orc hits you but does no damage.
The orc priest hits you but does no damage.
You barely miss the orc priest.
The orc priest is moderately wounded.
You closely miss the orc warrior. You barely miss the orc.
The orc warrior hits you but does no damage.
The orc hits you but does no damage.
The orc priest hits you but does no damage.
You hit the orc priest.
The orc priest is poisoned.
You punch the orc priest.
The orc priest is severely wounded.
You barely miss the orc. You hit the orc warrior.
The orc warrior looks as sick as possible!
The orc warrior hits you with a +0 battleaxe!
You die...
Xom snickers!

#.###................##....
#.##.)#....##.#............
#.#..##.......#.......##...
##.#.#.......#...##.##... .
###......###.#####.##....##..
#....##### #..# #.##..#.. .
#.....# ##.# #...... ..
#.##.....#### #.#######..# ..
#...........####♣o...####
.........##.....oo.......
#........######.....!....
#.......... ##.........
#########.#. .......... ..
...#.....#### #.. ..#.....#
#... #.....# ### #.....#


You could see an orc warrior (extremely poisoned), an orc priest (very poisoned)
and an orc.

Vanquished Creatures
  Sigmund (D:2)
  A black bear (D:4)
  A hound (D:4)
  Terence (D:3)
  3 adders
  An adder skeleton (D:4)
  2 worms (D:2)
  2 dart slugs
  An orc (D:4)
  4 ball pythons
  5 endoplasms
  2 giant cockroaches
  2 goblins (D:3)
  4 hobgoblins
  6 jackals (D:1)
  4 kobolds
  3 quokkas
  5 bats
  2 frilled lizards (D:1)
  6 rats
56 creatures vanquished.

Notes
Turn   | Place    | Note
-------+----------+-------------------------------------------
     0 | D:1      | cheechan the Naga Chaos Knight began the quest for the Orb.
     0 | D:1      | Reached XP level 1. HP: 21/21 MP: 1/1
   147 | D:1      | Reached XP level 2. HP: 18/28 MP: 2/2
   174 | D:1      | Learned a level 1 spell: Freeze
   392 | D:1      | XOM: silly message
   667 | D:1      | Reached XP level 3. HP: 34/34 MP: 0/3
   818 | D:2      | Found a faded altar of an unknown god.
   833 | D:2      | Noticed Sigmund
   833 | D:2      | XOM: potion effect (curing)
   837 | D:2      | XOM: silly message
   850 | D:2      | Killed Sigmund
   851 | D:2      | Reached skill level 4 in Axes
   851 | D:2      | Reached skill level 1 in Dodging
   851 | D:2      | Reached skill level 1 in Stealth
   851 | D:2      | Reached XP level 4. HP: 3/42 MP: 0/5
   851 | D:2      | Reached XP level 5. HP: 4/49 MP: 0/6
   938 | D:2      | Reached skill level 1 in Spellcasting
   938 | D:2      | Found a bloodstained altar of Trog.
  1031 | D:2      | Reached skill level 1 in Ice Magic
  1353 | D:3      | Noticed Terence
  1366 | D:3      | Killed Terence
  1367 | D:3      | Reached XP level 6. HP: 41/56 MP: 3/7
  1387 | D:3      | Learned a level 3 spell: Frozen Ramparts
  1466 | D:3      | XOM: silly message
  1478 | D:3      | XOM: 6-stop teleportation journey
  1981 | D:3      | XOM is BORED!
  1981 | D:3      | XOM: noise
  2166 | D:4      | Noticed a black bear
  2178 | D:4      | Noticed an orc warrior
  2179 | D:4      | XOM: enchant monster (good)
  2187 | D:4      | XOM: potion effect (curing)
  2187 | D:4      | Killed a black bear
  2188 | D:4      | Reached skill level 5 in Axes
  2193 | D:4      | Slain by an orc warrior

Illustrated notes

Levels and vault maps discovered:
D:1:      mrwooster_arrival_statue, layout_basic
D:2:      layout_rooms, basic_altar, hellmonk_ecumenical_altar_run_dry,
          uniq_sigmund
D:3:      layout_loops_ring, minmay_misc_feat_room, uniq_terence
D:4:      layout_rooms, serial_shops, nicolae_square_shop

Skill      XL: |  1  2  3  4  5  6 |
---------------+-------------------+-----
Axes           | 4 5 |  5.0
Armour         | 2 |  2.5
Dodging        | 1 |  1.9
Stealth        | 1 |  1.3
Spellcasting   | 1 2 |  2.2
Ice Magic      | 1 2 |  2.0
Fighting       | |  3.6

Action                   |  1- 3 |  4- 6 || total
-------------------------+-------+-------++-------
Melee: Hand axe          |    57 |    52 ||   109
       Punch             |       |     1 ||     1
 Cast: Freeze            |     4 |    31 ||    35
       Frozen Ramparts   |       |     2 ||     2
 Abil: Spit Poison       |    12 |    20 ||    32
  Use: Scroll            |     1 |     5 ||     6
       Potion            |       |     2 ||     2
Armor: Leather armour    |    40 |       ||    40
       Robe              |       |    24 ||    24
       Skin              |       |    34 ||    34
       Chain mail        |       |     3 ||     3
Dodge: Dodged            |    63 |    52 ||   115

Table legend: (Time is in decaauts)
 A = Elapsed time spent in this place.
 B = Non-inter-level travel time spent in this place.
 C = Inter-level travel time spent in this place.
 D = Time resting spent in this place.
 E = Time spent auto-exploring this place.
 F = Levels seen in this place.
 G = Mean time per level.
                   A        B        C        D        E       F      G
               +--------+--------+--------+--------+--------+-----+--------+
         Total |   2964 |   2964 |      0 |      0 |      0 |   4 |  741.0 |
       Dungeon |   2964 |   2964 |      0 |      0 |      0 |   4 |  741.0 |
               +--------+--------+--------+--------+--------+-----+--------+

Top non-repeatable levels by time:
     D:1: 1121 daAuts
     D:3: 973 daAuts
     D:2: 721 daAuts
     D:4: 147 daAuts
